 Dungeon Crawl Stone Soup version 0.16.1-2-g95b8d4c (webtiles) character file.

161 RobertPalmer the Cutter (level 5, -3/34 HPs)
             Began as an Octopode Warper on Mar 25, 2015.
             Slain by an orc priest
             ... wielding a +0 war axe
              (10 damage)
             ... on level 4 of the Dungeon.
             The game lasted 00:04:58 (2807 turns).

RobertPalmer the Cutter (Octopode Warper)           Turns: 2807, Time: 00:04:58

Health: -3/34      AC:  1    Str: 10    XL:     5   Next: 42%
Magic:  9/9        EV: 12    Int: 15    God:
Gold:   146        SH:  0    Dex: 13    Spells: 2 memorised, 5 levels left

rFire  . . .     SeeInvis .     a - +1 dagger (elec)
rCold  . . .     Clarity  .     (no shield)
rNeg   . . .     SustAb   .     (helmet restricted)
rPois  .         Gourm    .     r - amulet of resist corrosion {rCorr, !d}
rElec  .         Spirit   .     (no ring)
rCorr  +         Warding  .     (no ring)
rMut   .         Stasis   .     (no ring)
MR     .....                    (no ring)
Stlth  ++........               (no ring)
                                (no ring)
                                (no ring)
                                (no ring)

@: not resistant to hostile enchantments, unstealthy
A: almost no armour, amphibious, 8 rings, constrict 8, camouflage 1, gelatinous
body 1
a: no special abilities


You were on level 4 of the Dungeon.
You were not hungry.

You visited 1 branch of the dungeon, and saw 4 of its levels.

You collected 146 gold pieces.

Inventory:

Hand weapons
 a - a +1 dagger of electrocution (weapon)
   (You took it off a kobold on level 1 of the Dungeon)
 g - a +0 mace
Missiles
 e - 5 tomahawks of dispersal {=f}
Armour
 p - a +0 shield
   (You found it on level 2 of the Dungeon)
Jewellery
 r - an amulet of resist corrosion (around mantle) {rCorr, !d}
   (You found it on level 2 of the Dungeon)
Scrolls
 d - 2 scrolls of blinking {!r}
 j - a scroll of remove curse {unknown}
 k - a scroll of fear {unknown}
 n - a scroll of immolation {unknown}
 u - a scroll of magic mapping {unknown}
 v - a scroll of noise {unknown}
Potions
 h - a potion of agility {unknown}
 i - 2 potions of ambrosia {unknown}
 l - a potion of invisibility {unknown}
 m - a potion of lignification {unknown}
 o - a potion of brilliance {unknown}
 q - a potion of magic {unknown}
 s - a potion of poison {unknown}
 t - 3 potions of curing {unknown}
Books
 c - a book of Spatial Translocations
Comestibles
 b - a meat ration {@e2}
 f - 2 bread rations {@e1}
 w - 2 chunks of flesh {@w0}
 x - 3 fruits


   Skills:
 - Level 2.0 Fighting
 + Level 4.8 Short Blades
 - Level 2.2 Maces & Flails
 - Level 1.0 Throwing
 - Level 2.3 Dodging
 - Level 2.0 Spellcasting
 - Level 3.0 Translocations


You had 5 spell levels left.
You knew the following spells:

 Your Spells              Type           Power        Failure   Level  Hunger
b - Blink                 Tloc           N/A          12%         2    ###....
g - Apportation           Tloc           ##........   8%          1    #......


Dungeon Overview and Level Annotations

Branches:
Dungeon (4/15)
 Temple: D:4-7

Altars:
Cheibriados
Elyvilon
Fedhas
Trog


Innate Abilities, Weirdness & Mutations

You cannot wear most types of armour.
You are amphibious.
You can wear up to eight rings at the same time.
You can use your tentacles to constrict many enemies at once.
Your skin changes colour to match your surroundings (Stealth).
Your rubbery body absorbs attacks (AC +1).


Message History

You take 2 damage, and have 30/34 hp.
You barely miss the jackal. Your grab misses the jackal.
You squeeze the jackal, but do no damage.
The jackal bites you but does no damage.
You hit the jackal.
There is a sudden explosion of sparks!
You kill the jackal!
No target in view!
You see here a jackal corpse.
You butcher the jackal corpse.
w - 5 chunks of flesh {@w0} (gained 2)
You see here a jackal skeleton.
Eating one of 5 chunks of flesh {@w0}.
You continue eating. x2
You are alive.
You have 6 tentacles available for constriction.
Your movement speed is average.
Your attack speed is above average.
You are not resistant to hostile enchantments.
You feel unstealthy.
You see here a jackal skeleton.
You see here an adder corpse.
Done exploring.
Health restored: 34 Done exploring.
Done exploring.
Done exploring.
Unknown command.
Done exploring.
Done exploring.
(D) Dungeon
Where to? (Enter - D:3, ? - help)
(D) Dungeon
Where to? (Enter - D:3, ? - help) Some of the chunks of flesh in your inventory have rotted away.
There is a stone staircase leading down here.
You climb downwards. 2 jackals and an orc come into view.
The jackal barks!
There is a stone staircase leading up here.
The orc shouts!
The jackal barks!
You hit the jackal.
You kill the jackal!
You see here a jackal corpse.
There is a stone staircase leading up here.
You completely miss the orc. Your grab misses the orc.
The orc hits you with a dagger.
You take 5 damage, and have 29/34 hp.
You hit the jackal. You grab the jackal.
You constrict the jackal, but do no damage.
The jackal bites you. The orc hits you with a dagger.
You take 4 damage, and have 25/34 hp.
You barely miss the jackal.
You constrict the jackal, but do no damage.
The jackal bites you but does no damage.
You barely miss the jackal. You constrict the jackal.
You kill the jackal!
The orc hits you with a dagger.
You take 1 damage, and have 24/34 hp.
You hit the orc. You grab the orc. You constrict the orc.
You kill the orc!
Memorise Blink, consuming 2 spell levels and leaving 5?
You start memorising the spell.
You continue memorising.
You continue memorising.
You finish memorising.
Spell assigned to 'b'.
Okay, then.
You see here a jackal corpse.
Okay, then.
Okay, then.
An orc wizard comes into view.
It is wielding a dagger of electrocution.
The orc wizard shouts!
An orc comes into view. It is wielding a club.
The orc wizard hits you with a dagger of electrocution.
You take 2 damage, and have 23/34 hp.
The orc shouts!
You hit the orc wizard.
There is a sudden explosion of sparks!
You kill the orc wizard!
You hear a shout! x7
An orc priest comes into view. It is wielding a war axe.
You hit the orc. You grab the orc. You squeeze the orc. You constrict the orc.
The orc barely misses you.
You hit the orc. You constrict the orc. You hit the orc.
You kill the orc!
The orc priest barely misses you.
An orc comes into view. It is wielding a club.
Items here: )) [ † a club; a dagger of electrocution; a robe; an orc corpse You hit the orc priest.
You grab the orc priest. You constrict the orc priest.
The orc priest calls down the wrath of Beogh upon you.
Something smites you!
Ouch! That really hurt!
* * * LOW HITPOINT WARNING * * *
A rat and an orc come into view.
You take 17 damage, and have 7/34 hp.
MASSIVE DAMAGE!!
You hit the orc priest but do no damage.
You squeeze the orc priest.
You constrict the orc priest, but do no damage.
The orc priest hits you with a war axe!
You die...

###########
#.........###
#.#†)........
#.#<#####...#
###########.###
......oo@...#
######o######
#. .. ..


r You could see an orc priest, 2 orcs and a rat.

Vanquished Creatures
  An orc wizard (D:4)
  A gnoll (D:1)
  5 adders
  A worm (D:3)
  A giant gecko (D:1)
  An ooze (D:2)
  2 orcs (D:4)
  2 ball pythons (D:1)
  3 giant cockroaches
  10 goblins
  10 hobgoblins
  A quokka (D:2)
  13 bats
  4 giant newts
  6 jackals
  5 kobolds
  5 rats
71 creatures vanquished.

Notes
Turn   | Place    | Note
--------------------------------------------------------------
     0 | D:1      | RobertPalmer, the Octopode Warper, began the quest for the Orb.
     0 | D:1      | Reached XP level 1. HP: 14/14 MP: 3/3
   150 | D:1      | Reached skill level 1 in Short Blades
   259 | D:1      | Reached XP level 2. HP: 16/19 MP: 4/4
   567 | D:1      | Reached skill level 2 in Short Blades
   939 | D:1      | Reached XP level 3. HP: 21/24 MP: 6/6
  1360 | D:2      | Reached skill level 3 in Short Blades
  1544 | D:2      | Reached XP level 4. HP: 22/29 MP: 7/7
  2266 | D:3      | Reached skill level 4 in Short Blades
  2271 | D:3      | Found a white marble altar of Elyvilon.
  2271 | D:3      | Found a blossoming altar of Fedhas.
  2277 | D:3      | Found a snail-covered altar of Cheibriados.
  2324 | D:3      | Found a bloodstained altar of Trog.
  2548 | D:3      | Reached XP level 5. HP: 25/34 MP: 9/9
  2793 | D:4      | Learned a level 2 spell: Blink
  2806 | D:4      | HP: 7/34 [orc priest/divine providence (17)]
  2807 | D:4      | Slain by an orc priest

Action                   |  1- 3 |  4- 6 || total
-------------------------+-------+-------++-------
Melee: Dagger            |    63 |    69 ||   132
       Mace              |     2 |       ||     2
  Use: Scroll            |     1 |       ||     1
 Stab: Sleeping          |     2 |     3 ||     5
  Eat: Chunk             |     2 |     4 ||     6

Vault maps used:
D:1:      onia_arrival_mini_spirals, minivault_5
D:2:      kennysheep_generic_room_4
D:3:      grunt_temple_overflow_open, first_bread
D:4:      cheibrodos_gnoll_hut, uniq_sigmund, uniq_blork_the_orc

Table legend:
 A = Turns spent in this place as a percentage of turns spent in the entire game.
 B = Non-inter-level travel turns spent in this place as a percentage of non-inter-level travel turns spent in the entire game.
 C = Inter-level travel turns spent in this place as a percentage of turns spent in this place.
 D = Turns resting spent in this place as a percentage of non-inter-level travel turns spent in this place.
 E = Turns spent auto-exploring this place as a percentage of non-inter-level travel turns spent in this place.
 F = Non-inter-level travel turns spent in this place divided by the number of levels of this place that you've seen.
                   A       B       C       D       E      F
               +-------+-------+-------+-------+-------+----------------------
         Total | 100.0 | 100.0 |   0.3 |   2.1 |  10.9 | 218.0
       Dungeon | 100.0 | 100.0 |   0.3 |   2.1 |  10.9 | 218.0
               +-------+-------+-------+-------+-------+----------------------

Table legend:
 A = Kills in this place as a percentage of kills in entire the game.
 B = Kills by you in this place as a percentage of kills by you in the entire game.
 C = Kills by friends in this place as a percentage of kills by friends in the entire game.
 D = Other kills in this place as a percentage of other kills in the entire game.
 E = Experience gained in this place as a percentage of experience gained in the entire game.
 F = Experience gained in this place divided by the number of levels of this place that you have seen.
                   A       B       C       D       E      F
               +-------+-------+-------+-------+-------+----------------------
         Total | 100.0 | 100.0 |  -nan |  -nan | 100.0 |  57.5
       Dungeon | 100.0 | 100.0 |  -nan |  -nan | 100.0 |  57.5
               +-------+-------+-------+-------+-------+----------------------
